Map: Acropolis LE

Players

Stats

  • Race: Protoss Protoss
  • Spawn Location: 11:00

Probe - Winner!

  • Race: Protoss Protoss
  • Spawn Location: 5:00

Event: NationWars 2019

VOD

Have the link to the VOD?

Description

Time

  • Played on: Oct. 4, 2019, 11:24 a.m.
  • Length: 9:52
Show
View Real Time Build Order
Export as new Build Order

Stats Protoss 

Build Orders: Phoenix Opening, Zealot Archon 

Get SALT Encoding   

  12  0:01  Probe  
  13  0:13  Probe  
  14  0:18  Pylon  
  14  0:25  Probe (Chrono Boost)  
  15  0:37  Probe (Chrono Boost)  
  15  0:38  Gateway  
  16  0:45  Probe (Chrono Boost)  
  16  0:46  Assimilator  
  17  0:52  Probe  
  17  0:55  Assimilator  
  18  1:04  Probe (Chrono Boost)  
  19  1:08  Gateway  
  19  1:14  Probe (Chrono Boost)  
  20  1:19  Probe (Chrono Boost)  
  21  1:26  Cybernetics Core  
  21  1:30  Probe  
  22  1:34  Pylon  
  22  1:42  Probe  
  23  1:54  Probe  
  24  2:02  Stalker  
  24  2:03  Warp Gate, Sentry  
  24  2:08  Probe  
  29  2:14  Pylon  
  29  2:29  Stalker  
  31  2:32  Stalker  
  31  2:36  Phoenix  
  33  2:47  Nexus  
  33  2:59  Probe, Sentry  
  33  3:03  Sentry  
  33  3:05  Pylon  
  38  3:11  Probe  
  39  3:23  Probe (Chrono Boost)  
  40  3:27  Robotics Facility  
  40  3:33  Probe (Chrono Boost)  
  41  3:37  Phoenix  
  41  3:38  Probe (Chrono Boost), Forge  
  42  3:50  Probe (Chrono Boost)  
  43  3:57  Stalker x2  
  43  4:01  Probe x2 (Chrono Boost)  
  43  4:02  Phoenix  
  49  4:08  Probe x2 (Chrono Boost)  
  51  4:13  Probe (Chrono Boost)  
  51  4:15  Observer  
  51  4:16  Probe  
  54  4:18  Twilight Council  
  54  4:19  Protoss Ground Weapons Level 1  
  54  4:22  Pylon  
  54  4:25  Probe (Chrono Boost)  
  54  4:27  Assimilator  
  54  4:30  Assimilator  
  56  4:31  Probe (Chrono Boost)  
  56  4:37  Probe (Chrono Boost)  
  57  4:40  Pylon  
  57  4:42  Adept  
  57  4:44  Probe x2 (Chrono Boost)  
  61  4:48  Adept  
  62  4:55  Probe x2  
  62  4:58  Phoenix  
  64  5:01  Charge  
  64  5:07  Probe x2  
  66  5:15  Gateway  
  66  5:16  Gateway  
  66  5:19  Templar Archives  
  66  5:26  Gateway x2  
  66  5:35  Gateway x2  
  66  5:36  Warp Prism (Chrono Boost)  
  68  5:44  Pylon  
  68  5:49  Pylon  
  68  5:51  Phoenix  
  68  5:57  High Templar x2  
  68  6:01  Archon  
  72  6:04  Nexus  
  72  6:06  Pylon  
  72  6:14  Zealot x2  
  76  6:34  High Templar x3, Zealot x3  
  76  6:35  Zealot  
  76  6:38  Archon  
  90  6:42  High Templar  
  90  6:44  Probe  
  90  6:45  Pylon, Probe  
  90  6:46  Pylon, Archon  
  94  6:56  Zealot x3  
  94  6:57  Probe x2  
  102  7:12  Zealot x4  
  102  7:15  Zealot  
  94  7:21  Zealot x3  
  68  7:39  High Templar x3  
  68  7:40  High Templar, Zealot  
  74  7:47  Probe x3  
  74  7:49  Zealot x3  
  71  8:00  Shield Battery  
  71  8:01  Archon x2  
  69  8:09  Shield Battery x2  
  69  8:10  Zealot x4  
  77  8:15  Zealot x4  
  85  8:29  Stalker x4  
  93  8:35  Zealot x2  
  93  8:39  High Templar x2  
  101  8:43  Archon  
  71  8:57  Zealot x6  
  51  9:17  Zealot x4  
  51  9:18  Zealot x4  
Show
View Real Time Build Order
Export as new Build Order

Probe Protoss - Winner!

Build Orders: Phoenix Opening, Zealot Archon 

Get SALT Encoding   

  12  0:00  Probe  
  13  0:13  Probe  
  14  0:17  Pylon  
  14  0:25  Probe (Chrono Boost)  
  15  0:37  Probe (Chrono Boost)  
  15  0:39  Gateway  
  16  0:44  Probe (Chrono Boost)  
  16  0:47  Assimilator  
  17  0:51  Probe  
  17  0:54  Assimilator  
  18  1:03  Probe (Chrono Boost)  
  19  1:10  Gateway  
  19  1:13  Probe (Chrono Boost)  
  19  1:18  Probe (Chrono Boost)  
  21  1:26  Cybernetics Core  
  21  1:29  Probe  
  22  1:34  Pylon  
  22  1:41  Probe  
  23  1:54  Probe  
  24  2:04  Stalker, Sentry, Warp Gate  
  24  2:06  Probe  
  29  2:11  Pylon  
  29  2:18  Probe  
  30  2:30  Probe  
  30  2:37  Nexus  
  31  2:39  Sentry  
  31  2:41  Sentry  
  31  2:42  Phoenix  
  31  2:44  Probe  
  36  2:50  Pylon  
  36  2:56  Shield Battery  
  36  2:58  Probe  
  37  3:10  Stalker  
  39  3:14  Forge  
  39  3:16  Probe (Chrono Boost)  
  41  3:28  Probe (Chrono Boost)  
  41  3:30  Robotics Facility  
  41  3:33  Probe (Chrono Boost)  
  41  3:38  Protoss Ground Weapons Level 1 (Chrono Boost)  
  42  3:42  Probe  
  43  3:55  Adept x2  
  48  3:56  Probe (Chrono Boost)  
  48  4:00  Probe (Chrono Boost)  
  49  4:05  Probe (Chrono Boost)  
  49  4:08  Probe (Chrono Boost)  
  51  4:10  Probe (Chrono Boost)  
  51  4:16  Assimilator  
  52  4:17  Assimilator  
  52  4:19  Observer, Probe  
  52  4:22  Probe  
  55  4:25  Pylon  
  55  4:31  Probe  
  56  4:33  Twilight Council  
  56  4:34  Probe  
  57  4:43  Probe  
  58  4:47  Probe  
  57  4:55  Probe, Immortal  
  57  4:59  Probe  
  61  5:00  Gateway  
  61  5:02  Pylon, Gateway  
  61  5:10  Templar Archives, Charge  
  61  5:13  Pylon  
  61  5:18  Zealot x2  
  61  5:20  Protoss Ground Weapons Level 2 (Chrono Boost)  
  65  5:32  Gateway  
  65  5:34  Gateway  
  65  5:44  Gateway x2  
  65  5:51  Stalker x2  
  69  6:03  Pylon  
  69  6:05  High Templar  
  69  6:06  High Templar  
  73  6:13  Archon  
  73  6:18  Pylon  
  73  6:20  Zealot  
  73  6:21  Zealot  
  77  6:27  Warp Prism (Chrono Boost)  
  79  6:32  High Templar  
  79  6:33  Nexus, High Templar  
  79  6:38  Archon  
  83  6:41  Zealot x3  
  83  6:44  Stalker  
  91  6:47  Zealot  
  91  6:52  Zealot  
  95  7:00  Pylon  
  95  7:02  Pylon x2  
  95  7:04  Pylon  
  95  7:05  Pylon  
  95  7:10  Zealot  
  95  7:11  Zealot x2  
  95  7:12  Zealot  
  85  7:16  Zealot  
  85  7:17  Zealot  
  85  7:22  Zealot x2  
  81  7:34  Zealot x3  
  69  7:39  Zealot x2  
  68  7:53  High Templar x3  
  68  7:54  High Templar  
  68  7:56  High Templar  
  68  7:57  High Templar  
  78  8:00  Observer (Chrono Boost), Archon x2  
  78  8:01  Zealot x2  
  78  8:03  Archon  
  83  8:26  High Templar x2, Zealot  
  89  8:27  Zealot x3  
  89  8:29  Nexus  
  89  8:31  Archon  
  95  8:44  Zealot x4  
  91  8:54  Zealot x2  
  91  9:01  Zealot x2  
  87  9:07  Zealot  
  79  9:11  Zealot  
  79  9:12  Zealot  
  77  9:17  Zealot  
  71  9:25  Zealot x2  
  71  9:31  Zealot  
  71  9:32  Zealot  
  71  9:36  Zealot  
  71  9:39  High Templar x2  
Tags
 
Add a new tag
Caveats
  • Supply blocks, unpowered buildings, or Contaminate may cause inaccurate times.
  • Supply counts are checked every 10 seconds.